 Dungeon Crawl Stone Soup version 0.17-a0-427-ga655056 (webtiles) character file.

561 McCoppin the Ruffian (level 7, -2/66 HPs)
             Began as a Troll Chaos Knight on Apr 3, 2015.
             Slain by a gnoll
             ... wielding a +0 halberd
              (10 damage)
             ... on level 4 of the Dungeon.
             The game lasted 00:10:46 (2713 turns).

McCoppin the Ruffian (Troll Chaos Knight)           Turns: 2713, Time: 00:10:46

Health: -2/66      AC:  9    Str: 19    XL:     7   Next: 9%
Magic:  6/6        EV: 11    Int:  8    God:    Xom [......]
Gold:   129        SH:  0    Dex: 11    Spells: 0 memorised, 6 levels left

rFire  . . .     SeeInvis .       - Unarmed
rCold  . . .     Clarity  .     f - +2 robe {MR+}
rNeg   . . .     SustAb   .     (no shield)
rPois  .         Gourm    +     (helmet restricted)
rElec  .         Spirit   .     t - +0 cloak
rCorr  .         Warding  .     (gloves unavailable)
rMut   .         Stasis   .     (boots unavailable)
MR     +....                    (no amulet)
Stlth  +.........               (no ring)
                                (no ring)

@: somewhat resistant to hostile enchantments, very unstealthy
A: unfitting armour, claws 3, molten scales 1, deterioration 1, fast metabolism
3, gourmand, regeneration 2, shaggy fur 1, tough skin 2, weak 1
a: Renounce Religion


You were on level 4 of the Dungeon.
You worshipped Xom.
You were a very special plaything of Xom.
You were hungry.

You visited 1 branch of the dungeon, and saw 4 of its levels.
You also visited: Ossuary.

You collected 129 gold pieces.

Inventory:

Missiles
 i - 5 poisoned needles
 p - a poisoned javelin (quivered)
 x - a throwing net
Armour
 b - a cursed +2 robe
 f - a +2 robe of magic resistance (worn)
 m - a +0 leather armour
 t - a +0 cloak (worn)
Jewellery
 k - a -2 ring of protection
 s - an uncursed ring of ice
Scrolls
 e - 4 scrolls of magic mapping
 r - 3 scrolls of remove curse
 v - a scroll of recharging
Potions
 h - 2 potions of curing
 n - 3 potions of poison
 w - a potion of resistance
Books
 q - Xom's Volume of the Six Deaths
   (Xom gifted it to you on level 3 of the Dungeon)

   Spells                             Type                      Level
   a - Shock                          Conjuration/Air              1
   b - Flight                         Charms/Air                   3
   c - Mephitic Cloud                 Conjuration/Poison/Air       3
   d - Poisonous Cloud                Conjuration/Poison/Air       6
   e - Conjure Ball Lightning         Conjuration/Air              6
Comestibles
 a - 2 bread rations
 c - a beef jerky
 g - 2 meat rations
 l - 4 chunks of flesh


   Skills:
 - Level 2.4 Fighting
 + Level 3.9 Dodging
 * Level 7.0 Unarmed Combat


You had 6 spell levels left.
You didn't know any spells.

Dungeon Overview and Level Annotations

Branches:
Dungeon (4/15)
 Temple: D:4-7

Altars:


Innate Abilities, Weirdness & Mutations

You are too large for most types of armour.
You have claws for hands.
Your metabolism is lightning-fast.
You like to eat raw meat.
You heal very quickly.
You are covered in fur (AC +1).
You have very tough skin (AC +2).
You are partially covered in molten scales (AC +1).
Your body is slowly deteriorating.
You are weak. (Str -2)


Message History

The gnoll hits you from afar with a spear!
You scratch the gnoll but do no damage.
The gnoll is severely wounded.
The gnoll closely misses you.
The gnoll hits you from afar with a spear.
* * * LOW HITPOINT WARNING * * *
You claw the gnoll!
You kill the gnoll!
The hobgoblin hits you but does no damage.
You claw the hobgoblin!
You kill the hobgoblin!
The gnoll hits you from afar with a spear.
* * * LOW HITPOINT WARNING * * *
The gnoll hits you from afar with a halberd!
* * * LOW HITPOINT WARNING * * *
The gnoll closely misses you.
You see here a club.
You closely miss the gnoll.
The gnoll hits you from afar with a halberd!
You die...

,* **,,,,...#* *** #..** ,**
*,****,...* *.#**#..,## ,,* ****
**#..## *#..,*#.#*#. ,,****,*
*#..# *#.#***#.#### ,,,,**,**
*#.####.#* #..# # ,,,*,,,,***
####)....## #..# #
**,,,,*,,,**#g..g.....### #..###
,*,,,,**#....g.#g#..$(..####..##.
,*,*,,***.....,#@#......†..#.....
**,*,,**,.#..,,#.##.....##......#
,*,*,,*,,*##...g.###....####....#
**,*,,,,** ##....#*#....#* ###.##
,,,,,,,,** #..#..*#..#..#***#.#*
*,,***,,,***#.###.........,*,...*
,,** *,,,,,*..* *..##.....,,.....
,,* **,**,..** *.#*##...,,,.....
,,* *,****.****.#****.,,,,*#..,


You could see 3 gnolls.

Vanquished Creatures
  A smoke demon (D:4)
  A crimson imp (Ossuary)
  A centaur skeleton (D:4)
  A gnoll shaman (D:4)
  An orc wizard (D:4)
  Jessica (D:2)
  A hound (D:4)
  Terence (D:2)
  Natasha (thrice) (D:2)
  5 big kobold zombies (Ossuary)
  A mummy (Ossuary)
  A hound skeleton (D:4)
  3 gnolls (D:4)
  A worker ant zombie (D:4)
  5 adders
  2 shadow imps
  3 worms
  3 giant geckos
  15 orcs
  2 spectral bats (Ossuary)
  8 bats
  3 giant cockroaches
  11 hobgoblins
  2 jackals (D:4)
  A ball python (shapeshifter) (D:4)
  3 bat simulacra (Ossuary)
  5 giant newts
  7 gnoll zombies (Ossuary)
  4 goblins
  4 goblin simulacra (Ossuary)
  3 goblin zombies (Ossuary)
  7 hobgoblin zombies (Ossuary)
  11 kobolds
  2 kobold simulacra (Ossuary)
  3 kobold zombies (Ossuary)
  5 orc zombies (Ossuary)
  7 rats
  3 rat simulacra (Ossuary)
  5 spectral goblins (Ossuary)
  A spectral kobold (Ossuary)
  4 spectral rats (Ossuary)
  A plant (D:1)
152 creatures vanquished.

Vanquished Creatures (others)
  A fire vortex (D:2)
1 creature vanquished.

Grand Total: 153 creatures vanquished

Notes
Turn   | Place    | Note
--------------------------------------------------------------
     0 | D:1      | McCoppin, the Troll Chaos Knight, began the quest for the Orb.
     0 | D:1      | Reached XP level 1. HP: 22/22 MP: 0/0
    16 | D:1      | XOM: harmless Fire miscast
    82 | D:1      | Reached XP level 2. HP: 29/29 MP: 1/1
   140 | D:1      | XOM: harmless Conj miscast
   225 | D:1      | XOM: silly message
   229 | D:1      | XOM: harmless Trmt miscast
   583 | D:2      | Noticed Natasha
   584 | D:2      | XOM: divination: magic mapping
   587 | D:2      | XOM: potion effect (curing)
   592 | D:2      | Killed Natasha
   592 | D:2      | Reached skill level 4 in Unarmed Combat
   592 | D:2      | Reached XP level 3. HP: 34/36 MP: 2/2
   708 | D:2      | Reached XP level 4. HP: 44/44 MP: 3/3
   724 | D:2      | Noticed Natasha
   729 | D:2      | Killed Natasha
   767 | D:2      | Noticed Jessica
   777 | D:2      | XOM: cast spell 'Stoneskin'
   783 | D:2      | Killed Jessica
   783 | D:2      | Reached skill level 5 in Unarmed Combat
   927 | D:2      | XOM: mild Fire miscast
   928 | D:2      | Noticed a fire vortex
   929 | D:2      | Killed a fire vortex
  1012 | D:2      | Noticed Natasha
  1015 | D:2      | Killed Natasha
  1025 | D:2      | Noticed Terence
  1029 | D:2      | XOM: noise
  1035 | D:2      | Killed Terence
  1035 | D:2      | Reached XP level 5. HP: 38/50 MP: 4/4
  1372 | D:3      | XOM: silly message
  1402 | D:3      | XOM: snakes to sticks
  1407 | D:3      | XOM: god gift: engraved book {god gift}
  1408 | D:3      | Identified Xom's Volume of the Six Deaths (Xom gifted it to you on level 3 of the Dungeon)
  1982 | D:4      | XOM: vitrification
  2023 | D:4      | XOM: confusion
  2024 | D:4      | XOM: enchant monster (good)
  2032 | D:4      | Reached XP level 6. HP: 36/59 MP: 5/5
  2055 | D:4      | Found a sand-covered staircase.
  2060 | Ossuary  | Entered an ossuary
  2084 | Ossuary  | XOM: god gift: cloak {god gift}
  2150 | Ossuary  | Reached skill level 6 in Unarmed Combat
  2320 | Ossuary  | XOM: scenery: 1 doors open, 1 doors close
  2345 | Ossuary  | XOM is BORED!
  2345 | Ossuary  | XOM: summons 2 hostile demons
  2528 | D:4      | XOM: polymorph orc -> ball python
  2535 | D:4      | XOM: god gift: scroll labeled LUUCUU GAHIKK
  2564 | D:4      | XOM: give mutations
  2564 | D:4      | Gained mutation: You are weak. (Str -2) [Xom's mischief]
  2564 | D:4      | Gained mutation: You are partially covered in molten scales (AC +1). [Xom's mischief]
  2564 | D:4      | Gained mutation: Your body is slowly deteriorating. [Xom's mischief]
  2678 | D:4      | XOM: summons 3 hostile demons
  2679 | D:4      | Noticed a smoke demon
  2680 | D:4      | Reached XP level 7. HP: 60/66 MP: 6/6
  2699 | D:4      | Killed a smoke demon
  2702 | D:4      | Reached skill level 7 in Unarmed Combat
  2713 | D:4      | Slain by a gnoll

Action                   |  1- 3 |  4- 6 |  7- 9 || total
-------------------------+-------+-------+-------++-------
Melee: Unarmed           |    87 |   335 |    24 ||   446
  Use: Scroll            |     5 |     5 |       ||    10
       Potion            |       |     6 |     2 ||     8
 Stab: Sleeping          |     1 |     4 |       ||     5
       Paralysed         |       |     2 |       ||     2
  Eat: Chunk             |     4 |    12 |       ||    16
       Bread ration      |       |     1 |       ||     1
       Beef jerky        |       |     1 |       ||     1
